 Dungeon Crawl Stone Soup version 0.23.2-1-ga50397a6bc (webtiles) character file.

Game seed: 3438237186968632112

1610 Gargoyl the Covered (level 8, -1/67 HPs)
             Began as a Centaur Abyssal Knight on Apr 25, 2019.
             Was a Priest of Lugonu.
             Slain by Duvessa
             ... wielding a +2 short sword of draining
              (7 damage)
             ... on level 6 of the Dungeon.
             The game lasted 00:12:23 (7374 turns).

Gargoyl the Covered (Centaur Abyssal Knight)        Turns: 7374, Time: 00:12:23

Health: -1/67      AC:  7    Str: 15    XL:     8   Next: 63%
Magic:  11/11      EV:  4    Int: 11    God:    Lugonu [***...]
Gold:   300        SH:  0    Dex: 11    Spells: 7/7 levels left

rFire    . . .     SeeInvis .   a - +5 hand axe
rCold    . . .     Gourm    .   (no shield)
rNeg     . . .     Faith    .   d - +0 chain mail
rPois    .         Spirit   .   (no helmet)
rElec    .         Reflect  .   (no cloak)
rCorr    .         Harm     .   (no gloves)
MR       +....     Rnd*Rage +   (no barding)
Stlth    ..........             (no amulet)
HPRegen  0.21/turn              o - ring of protection from magic
MPRegen  0.12/turn              (no ring)

@: very heavily drained, very quick
A: large, claws 1, hooves 3, berserk 1, deformed body, speed 2, tough skin 3
a: Depart the Abyss, Bend Space, Banish, Renounce Religion


You were on level 6 of the Dungeon.
You worshipped Lugonu.
Lugonu was most pleased with you.
You were very hungry.

You visited 1 branch of the dungeon, and saw 6 of its levels.
You visited the Abyss 1 time.

You collected 300 gold pieces.

Inventory:

Hand Weapons
 a - a +5 hand axe (weapon)
Armour
 d - a +0 chain mail (worn)
Jewellery
 o - a ring of protection from magic (left claw)
Wands
 b - a wand of flame (11)
 v - a wand of polymorph (7)
Scrolls
 e - 11 scrolls of identify
 g - 5 scrolls of teleportation
 h - 2 scrolls of fog
 n - 2 scrolls of remove curse
 q - a scroll of blinking
Potions
 f - a potion of brilliance {unknown}
 p - a potion of berserk rage
 t - a potion of agility
Comestibles
 c - 14 rations


   Skills:
 + Level 4.8(1.4) Fighting
 + Level 5.0(1.6) Axes
 * Level 5.2(1.8) Armour
 * Level 3.0(0.0) Dodging
 * Level 4.8(1.4) Invocations


You had 7 spell levels left.
You didn't know any spells.
Your spell library was empty.

Dungeon Overview and Level Annotations

Branches:
Dungeon (6/15)             Temple (0/1) D:4

Altars:
Fedhas
Nemelex Xobeh
Ru
Uskayaw
The Shining One

Shops:
D:4 !

Annotations:
D:6 Duvessa
Abyss:1 Sigmund


Innate Abilities, Weirdness & Mutations

You have hooves in place of feet.
Armour fits poorly on your strangely shaped body.
You cover ground very quickly.
You have extremely tough skin. (AC +3)
You have sharp fingernails.
You tend to lose your temper in combat.


Message History

Aim: Duvessa, wielding a +2 short sword of draining and wearing a +0 scale mail (lightly wounded, berserk, fast, unusually strong, chance to defeat MR: 67%)
You fail to use your ability.
Duvessa hits you but does no damage.
You feel drained.
Press: ? - help, Shift-Dir - straight line, f/p - Duvessa
Aim: Duvessa, wielding a +2 short sword of draining and wearing a +0 scale mail (lightly wounded, berserk, fast, unusually strong, chance to defeat MR: 67%)
You fail to use your ability.
Duvessa barely misses you.
Duvessa hits you with a +2 short sword of draining!
* * * LOW HITPOINT WARNING * * *
You feel drained.
* * * LOW HITPOINT WARNING * * *
Okay, then.
Press: ? - help, Shift-Dir - straight line, f/p - Duvessa
Aim: Duvessa, wielding a +2 short sword of draining and wearing a +0 scale mail (lightly wounded, berserk, fast, unusually strong, chance to defeat MR: 66%)
You fail to use your ability.
Duvessa barely misses you.
Press: ? - help, Shift-Dir - straight line, f/p - Duvessa
Aim: Duvessa, wielding a +2 short sword of draining and wearing a +0 scale mail (lightly wounded, berserk, fast, unusually strong, chance to defeat MR: 66%)
You fail to use your ability.
Duvessa hits you but does no damage.
You feel drained.
Duvessa hits you with a +2 short sword of draining!
You die...

#### #..## #...#
.## ###.#.######
.... ..........#
.>..?####.....#
#........##
####.#....#
#.)@e#..#.#
#.###...#.# #
#...#.# #..#.#.#
#.##.#.# ##.##.#.#
........#
........##########
........#.........


You could see Duvessa (berserk).

Vanquished Creatures
  Grinder (D:6)
  Eustachio (D:5)
  2 ice beasts (D:5)
  A phantom (D:4)
  A big kobold (D:5)
  Dowan (D:6)
  4 hounds
  A jelly (D:5)
  A centaur skeleton (D:4)
  A bullfrog skeleton (D:5)
  6 orc wizards
  An iguana (D:4)
  5 worker ants
  A hound zombie (D:5)
  A hound skeleton (D:4)
  2 worker ant zombies
  8 adders
  A gnoll (D:5)
  A shadow imp (D:4)
  An adder zombie (D:4)
  An ooze (D:3)
  3 worms
  4 dart slugs
  A leopard gecko (D:1)
  18 orcs
  4 giant cockroaches
  12 goblins
  10 hobgoblins
  8 jackals
  2 quokkas (D:2)
  10 bats
  3 frilled lizards
  15 kobolds
  A quokka skeleton (D:4)
  9 rats
142 creatures vanquished.

Notes
Turn   | Place    | Note
-------+----------+-------------------------------------------
     0 | Abyss:1  | Gargoyl the Centaur Abyssal Knight began the quest for the
                  | Orb.
     0 | Abyss:1  | Reached XP level 1. HP: 19/19 MP: 2/2
    44 | Abyss:1  | Noticed an ancient zyme
    71 | Abyss:1  | Noticed a flying skull
   114 | Abyss:3  | Noticed a lightning spire
   126 | D:1      | Escaped the Abyss
   379 | D:1      | Reached XP level 2. HP: 24/26 MP: 3/3
   445 | D:1      | Reached * piety under Lugonu
   716 | D:1      | Reached skill level 1 in Dodging
  1387 | D:2      | Reached XP level 3. HP: 26/31 MP: 4/4
  2037 | D:2      | Reached XP level 4. HP: 38/38 MP: 5/5
  2277 | D:2      | Found a glowing golden altar of the Shining One.
  2741 | D:2      | Reached ** piety under Lugonu
  3116 | D:3      | Reached XP level 5. HP: 46/46 MP: 5/7
  3328 | D:3      | Found a sacrificial altar of Ru.
  3634 | D:4      | Found a hide-covered altar of Uskayaw.
  3637 | D:4      | Noticed a +0 dagger
  3638 | D:4      | Noticed a +0 hand axe
  3652 | D:4      | Noticed a phantom
  3765 | D:4      | Killed a phantom
  3765 | D:4      | Reached XP level 6. HP: 22/52 MP: 8/8
  4493 | D:4      | Reached *** piety under Lugonu
  4759 | D:4      | Found Lyakom's Distillery.
  4841 | D:4      | Reached XP level 7. HP: 38/59 MP: 9/9
  5020 | D:4      | Found a staircase to the Ecumenical Temple.
  5216 | D:5      | Entered Level 5 of the Dungeon
  5238 | D:5      | Found a sparkling altar of Nemelex Xobeh.
  5242 | D:5      | Noticed Eustachio
  5282 | D:6      | Found a blossoming altar of Fedhas.
  5282 | D:6      | Noticed Sigmund
  5287 | D:6      | Banished Sigmund
  5745 | D:5      | Killed Eustachio
  6286 | D:5      | Reached XP level 8. HP: 63/67 MP: 11/11
  7145 | D:6      | Gained mutation: You tend to lose your temper in combat.
                  | [potion of mutation]
  7145 | D:6      | Gained mutation: You have sharp fingernails. [potion of
                  | mutation]
  7152 | D:6      | Noticed Grinder
  7165 | D:6      | Paralysed by Grinder for 2 turns
  7172 | D:6      | Killed Grinder
  7172 | D:6      | Reached skill level 5 in Armour
  7229 | D:6      | Reached skill level 5 in Axes
  7359 | D:6      | Noticed Duvessa
  7359 | D:6      | Noticed Dowan
  7367 | D:6      | Killed Dowan
  7374 | D:6      | Slain by Duvessa

Skill      XL: |  1  2  3  4  5  6  7  8 |
---------------+-------------------------+-----
Axes           | 2 3 4 5 |  5.0
Dodging        | 1 2 3 |  3.0
Armour         | 2 3 4 5 |  5.2
Invocations    | 3 4 |  4.8
Fighting       | 4 |  4.8

Action                   |  1- 3 |  4- 6 |  7- 9 || total
-------------------------+-------+-------+-------++-------
Melee: Hand axe          |   116 |   216 |   179 ||   511
       Kick              |    19 |    43 |    42 ||   104
Invok: Depart the Abyss  |     1 |       |       ||     1
       Banish            |       |       |     1 ||     1
  Use: Scroll            |     2 |    10 |     2 ||    14
       Potion            |     2 |     5 |     2 ||     9
  Eat: Chunk             |     2 |     8 |     4 ||    14
       Ration            |       |       |     1 ||     1
Armor: Chain mail        |   103 |   152 |   186 ||   441
       Leather armour    |     2 |       |       ||     2
Dodge: Dodged            |    39 |    56 |    55 ||   150
